[Event "Early-Titled-Tuesday-Blitz-April-23-2024"]
[Site "Chess.com"]
[Date "2024.04.23"]
[Round "6"]
[White "manitodeplomo"]
[Black "JacksterThePro"]
[Result "1/2-1/2"]
[WhiteElo "2622"]
[BlackElo "2479"]
[TimeControl "180+1"]
[EndTime "9:07:04 PDT"]
[Termination "Game drawn by repetition"]

1. d4 Nf6 2. c4 e6 3. Nf3 d5 4. Nc3 c6 5. Bg5 h6 6. Bxf6 Qxf6 7. e3 Nd7 8. Qc2 g6 9. O-O-O Bg7 10. e4 dxe4 11.
Nxe4 Qf4+ 12. Kb1 O-O 13. c5 e5 14. Nd6 exd4 15. Bc4 Nxc5 16. Nxf7 Kh7 17. h4 Bf5 18.
N3g5+ hxg5 19. hxg5+ Bh6 20. Rxh6+ Kg7 21. Bd3 Bxd3 22.
Rxd3 Nxd3 23. Qxd3 Qf5 24. Qxf5 gxf5 25. Ne5 Rae8 26.
Rg6+ Kh7 27. Rh6+ Kg7 28. Rg6+ Kh7 29. Rh6+ Kg7 1/2-1/2

[Event "Early-Titled-Tuesday-Blitz-April-23-2024"]
[Site "Chess.com"]
[Date "2024.04.23"]
[Round "6"]
[White "AlexTruskavetsky"]
[Black "Veleamater"]
[Result "1-0"]
[WhiteElo "2682"]
[BlackElo "2443"]
[TimeControl "180+1"]
[EndTime "9:07:09 PDT"]
[Termination "AlexTruskavetsky won by resignation"]

1. d4 d6 2. e4 g6 3. f4 Bg7 4. Nf3 Nf6 5. Bd3 O-O 6. O-O Nc6 7. e5 dxe5 8. fxe5 Nh5 9. c3 f6 10. exf6 exf6 11. Be3 Bg4 12. h3 Bxf3 13. Qxf3 Qd6 14. g4 Qg3+ 15. Kh1 Rae8 16. Bd2 Qd6 17. gxh5 f5 18.
hxg6 hxg6 19. Na3 a6 20. Rg1 b5 21. Rg2 Ne7 22. Rag1 Kf7 23. Nc2 Rh8 24. Rg3 Rh7 25. a4 c6 26. axb5 axb5 27. Bf4 Qd7 28. Nb4 Reh8 29. Bc2 g5 30. Bxg5 Ng6 31. Bc1 Nh4 32. Qf4 Bf6 33. Bb3+ Ke7 34. Re1+ Kf8 35. Qb8+ Bd8 36.
Bg5 Rg7 37. Bxd8 Rxg3 38. Bf6+ 1-0

[Event "Early-Titled-Tuesday-Blitz-April-23-2024"]
[Site "Chess.com"]
[Date "2024.04.23"]
[Round "6"]
[White "Nikolakis2014"]
[Black "dropstoneDP"]
[Result "1/2-1/2"]
[WhiteElo "2743"]
[BlackElo "3012"]
[TimeControl "180+1"]
[EndTime "9:07:12 PDT"]
[Termination "Game drawn by agreement"]

1. Nf3 d5 2. d4 Nf6 3. c4 dxc4 4. e3 e6 5. Bxc4 a6 6. O-O c5 7. e4 b5 8. Be2 Be7 9. a4 Bb7 10. e5 Nd5 11. axb5 O-O 12. Nc3 cxd4 13. Nxd4 Nxc3 14. bxc3 axb5 15. Rxa8 Bxa8 16. Nxb5 Qxd1 17. Rxd1 Rc8 18. Be3 Bd5 19. f4 h6 20. c4 Bxc4 21. Rc1 Bc5 22. Bxc5 Bxe2 23. Nd6 Rc6 24. Be3 Rxc1+ 25. Bxc1 Nd7 26.
Kf2 Ba6 27. Be3 f6 28. Bd4 fxe5 29. fxe5 g5 30. g4 Kg7 31. Kg3 Kg6 32. h4 1/2-1/2

[Event "Early-Titled-Tuesday-Blitz-April-23-2024"]
[Site "Chess.com"]
[Date "2024.04.23"]
[Round "6"]
[White "Javadovvv"]
[Black "FXDon77"]
[Result "0-1"]
[WhiteElo "2652"]
[BlackElo "2846"]
[TimeControl "180+1"]
[EndTime "9:07:12 PDT"]
[Termination "FXDon77 won by resignation"]

1. d4 Nf6 2. Nf3 d5 3. Bf4 c5 4. e3 Nc6 5. c3 Qb6 6. Qc2 g6 7.
Nbd2 Bf5 8. dxc5 Qxc5 9. Qb3 Qb6 10. Be2 Qxb3 11. axb3 Nh5 12. Bg3 Nxg3 13. hxg3 e5 14. b4 e4 15. Nd4 Nxd4 16. exd4 Bd6 17. O-O h5 18. Ra5 Be6 19. Rfa1 Kd7 20. Rxa7 Rxa7 21. Rxa7 Kc7 22. Nb3 Kb8 23. Ra1 b6 24. Bb5 Kb7 25.
Ba6+ Kb8 26. Bb5 Kb7 27. Ba6+ Kc7 28. Bb5 g5 29. Ra7+ Kb8 30. Ra1 h4 31. gxh4 gxh4 32.
Bf1 h3 33. gxh3 f5 34. Ra6 Bc7 35. Ra1 f4 36. Nd2 f3 37. c4 Bxh3 38. Bxh3 Rxh3 39. cxd5 Bh2+ 40. Kf1 Bf4 41. Ke1 Rh1+ 42. Nf1 Kc7 43.
Ra8 Bd6 44. Re8 Bxb4+ 45. Kd1 Rxf1+ 46. Kc2 Rxf2+ 47. Kb3 Re2 0-1

[Event "Early-Titled-Tuesday-Blitz-April-23-2024"]
[Site "Chess.com"]
[Date "2024.04.23"]
[Round "6"]
[White "StelaSfw"]
[Black "EdmundPlayer"]
[Result "0-1"]
[WhiteElo "1692"]
[BlackElo "2272"]
[TimeControl "180+1"]
[EndTime "9:07:12 PDT"]
[Termination "EdmundPlayer won by checkmate"]

1. e4 c6 2. Nf3 d5 3. e5 Bg4 4. d4 e6 5. c3 c5 6. h3 Bh5 7. Bb5+ Nc6 8. O-O Qb6 9. Bxc6+ bxc6 10. dxc5 Bxc5 11. Nbd2 Bxf3 12. Nxf3 Nh6 13. Bxh6 gxh6 14. Qc1 Bf8 15. Re1 Rb8 16. b4 c5 17. a3 Rc8 18. Qe3 Rg8 19. Kh1 cxb4 20. Qxb6 axb6 21. cxb4 Ra8 22. Rec1 Kd7 23. Rc3 Bxb4 24. Rb3 Bc5 25. Rab1 Bxf2 26. g4 Ra4 27. Kg2 Bc5 28. Rf1 Ke7 29.
Nd2 h5 30. g5 Rxg5+ 31. Kh2 Rxe5 32. Rbf3 Re2+ 33. R1f2 Rxf2+ 34. Rxf2 Bxf2 35. Kg2 Be3 36. Nb1 d4 37. h4 d3 38. Kf3 d2 39. Kxe3 d1=Q 40.
Nd2 Qe1+ 41. Kd3 Rxa3+ 42. Kc2 Qxh4 43. Nb3 Qc4+ 44. Kb2 Qxb3+ 45. Kc1 Qc3+ 46. Kd1 Qd3+ 47. Ke1 Ra1+ 48. Kf2 Rf1+ 49. Kg2 Qf3+ 50. Kh2 Rh1# 0-1

[Event "Early-Titled-Tuesday-Blitz-April-23-2024"]
[Site "Chess.com"]
[Date "2024.04.23"]
[Round "6"]
[White "NikitaShnadrygin"]
[Black "sergoy"]
[Result "0-1"]
[WhiteElo "2696"]
[BlackElo "2927"]
[TimeControl "180+1"]
[EndTime "9:07:15 PDT"]
[Termination "sergoy won by resignation"]

1. Nf3 d5 2. g3 g6 3. Bg2 Bg7 4. d4 c6 5. O-O Nf6 6. b3 O-O 7. Bb2 a5 8. Nbd2 a4 9. c4 Nbd7 10. Bc3 Qb6 11. b4 Qa6 12. Ne5 Nxe5 13. dxe5 Nd7 14.
cxd5 Nxe5 15. dxc6 bxc6 16. Qc1 Bg4 17. f3 Be6 18.
Re1 Bd5 19. a3 Rfd8 20. Qb2 f6 21. Kh1 Rd7 22. Bh3 Rd6 23. Rad1 Rad8 24. Bf1 Qb7 25. Bxe5 fxe5 26. e4 Bf7 27. Qc2 Qd7 28. Re2 Bb3 29.
Nxb3 Rxd1 30. Nc5 Rxf1+ 0-1

[Event "Early-Titled-Tuesday-Blitz-April-23-2024"]
[Site "Chess.com"]
[Date "2024.04.23"]
[Round "6"]
[White "FGHSMN"]
[Black "LeRoidesChampions"]
[Result "1-0"]
[WhiteElo "2910"]
[BlackElo "2618"]
[TimeControl "180+1"]
[EndTime "9:07:15 PDT"]
[Termination "FGHSMN won by resignation"]

1. e4 e5 2. Nf3 Nc6 3. Bc4 Nf6 4. d3 a6 5. a4 Bc5 6. O-O d6 7. c3 Ba7 8. Re1 O-O 9. Nbd2 h6 10. Nf1 Be6 11. Ng3 Bxc4 12. dxc4 Ne7 13. Nh4 Ng6 14.
Nhf5 Qd7 15. Qf3 Nh7 16. Nh5 Ng5 17. Bxg5 hxg5 18. Nhxg7 f6 19. Nh5 Kf7 20. Nh6+ Ke7 21. Nf5+ Kf7 22. b4 Rh8 23. Rad1 Nf4 24. Nxf4 gxf4 25.
c5 Bb8 26. Qd3 Qxa4 27. Qd5+ Kg6 28. Qxb7 f3 29. Qxa8 Qc2 30. Qd5 c6 31. Qd3 Qa2 1-0

[Event "Early-Titled-Tuesday-Blitz-April-23-2024"]
[Site "Chess.com"]
[Date "2024.04.23"]
[Round "6"]
[White "Levanzovsky"]
[Black "temiksmozg"]
[Result "0-1"]
[WhiteElo "2517"]
[BlackElo "2668"]
[TimeControl "180+1"]
[EndTime "9:07:15 PDT"]
[Termination "temiksmozg won by resignation"]

1. e4 e5 2. Nf3 Nc6 3. Bc4 Bc5 4.
c3 Nf6 5. d3 d6 6. b4 Bb6 7. a4 a5 8. b5 Ne7 9. Nbd2 h6 10. O-O O-O 11. Bb3 Be6 12. Bxe6 fxe6 13. Nc4 Ba7 14. Be3 Bxe3 15. Nxe3 b6 16. Qb3 Qd7 17.
Rfe1 Kh7 18. Rad1 Ng6 19. d4 exd4 20. Nxd4 Rae8 21. f3 Nh5 22. Nc6 Qf7 23. Qc4 Ngf4 24. Rd2 Qg6 25. e5 d5 26. Qa2 Nd3 27. Red1 Nc5 28. c4 Rxf3 29. Nf1 Nf4 30. Kh1 Rc3 31. cxd5 Nxd5 32. Ng3 Rf8 33. Rxd5 exd5 34. Qxd5 Rd3 35.
Rxd3 Nxd3 36. Kg1 Nf4 37. Qd1 h5 38. Ne7 Qg5 39. Qc2+ g6 40. Nc6 h4 41. Ne4 Nh3+ 0-1

[Event "Early-Titled-Tuesday-Blitz-April-23-2024"]
[Site "Chess.com"]
[Date "2024.04.23"]
[Round "6"]
[White "ChessboArt"]
[Black "subham777"]
[Result "0-1"]
[WhiteElo "2314"]
[BlackElo "2539"]
[TimeControl "180+1"]
[EndTime "9:07:16 PDT"]
[Termination "subham777 won by checkmate"]

1. Nf3 d5 2. g3 Nf6 3. Bg2 e6 4.
b3 Be7 5. Bb2 O-O 6. O-O c5 7. e3 Nc6 8. c4 d4 9. exd4 cxd4 10.
Re1 d3 11. Ne5 Nxe5 12. Rxe5 Bd6 13. Re3 Bc5 14. Re5 Bd4 15. Qc1 Bxe5 16. Bxe5 Ng4 17. Bb2 h6 18. Qc3 Nf6 19. Bf1 Bd7 20. Bxd3 Bc6 21.
Bc2 Qd6 22. Ba3 Qd7 23. Bxf8 Rxf8 24. d3 e5 25. Nd2 Qh3 26. f3 Ng4 27. Nf1 Bxf3 28.
Qd2 Bc6 29. Re1 f5 30. Bd1 f4 31. Bxg4 Qxg4 32. Rxe5 fxg3 33. hxg3 Qf3 34. Ne3 Qh1# 0-1

[Event "Early-Titled-Tuesday-Blitz-April-23-2024"]
[Site "Chess.com"]
[Date "2024.04.23"]
[Round "6"]
[White "rionelG"]
[Black "WiktoriaPOL"]
[Result "0-1"]
[WhiteElo "2211"]
[BlackElo "2392"]
[TimeControl "180+1"]
[EndTime "9:07:16 PDT"]
[Termination "WiktoriaPOL won by resignation"]

1. e4 c5 2. g3 d5 3. exd5 Qxd5 4. Nf3 Bg4 5. Bg2 Nc6 6. O-O Qd7 7. d3 Nf6 8. Re1 e6 9. h3 Bh5 10. Nc3 Be7 11.
Bf4 O-O 12. g4 Bg6 13. Ne5 Nxe5 14. Bxe5 Bd6 15. Qf3 Bxe5 16. Rxe5 Qc7 17. Rae1 Rab8 18. h4 h6 19. h5 Bh7 20. g5 Nd7 21. R5e4 hxg5 22.
Qg3 Qxg3 23. fxg3 Bxe4 24. Nxe4 f6 25. Bh3 g4 26. Bxg4 f5 27. Ng5 fxg4 28. Rxe6 Rbe8 29.
Rg6 Rf6 0-1

[Event "Early-Titled-Tuesday-Blitz-April-23-2024"]
[Site "Chess.com"]
[Date "2024.04.23"]
[Round "6"]
[White "FaustinoOro"]
[Black "marcodobrikov"]
[Result "0-1"]
[WhiteElo "2904"]
[BlackElo "2706"]
[TimeControl "180+1"]
[EndTime "9:07:18 PDT"]
[Termination "marcodobrikov won by checkmate"]

1. e4 c5 2. Nf3 d6 3. Bb5+ Bd7 4. Bxd7+ Qxd7 5. O-O Nc6 6. c4 e5 7. Nc3 Nge7 8. d3 Nd4 9. Nxd4 cxd4 10. Ne2 Nc6 11. f4 Be7 12. Ng3 O-O 13. Nf5 Bf6 14. fxe5 dxe5 15.
Qf3 Kh8 16. Bd2 Ne7 17. Ng3 a5 18. Nh5 Ra6 19. Qg3 Ng6 20. Nxf6 gxf6 21. Rf5 Rg8 22. Qf2 Qe7 23. Rf1 Kg7 24. h4 Nf8 25. h5 Nd7 26. Qh4 Kh8 27. Kh2 a4 28. g4 Rb6 29. Bc1 Qe6 30. g5 fxg5 31. Bxg5 Rxb2+ 32. Kh1 Rxa2 33. Rxf7 Rxg5 34. Qxg5 Qh3+ 35. Kg1 Qh2# 0-1

[Event "Early-Titled-Tuesday-Blitz-April-23-2024"]
[Site "Chess.com"]
[Date "2024.04.23"]
[Round "6"]
[White "Zhigalko_Sergei"]
[Black "HamedWafa4"]
[Result "1-0"]
[WhiteElo "2934"]
[BlackElo "2729"]
[TimeControl "180+1"]
[EndTime "9:07:18 PDT"]
[Termination "Zhigalko_Sergei won by resignation"]

1. e4 d6 2. d4 Nf6 3. Nc3 e5 4. Nf3 Nbd7 5. Bc4 Be7 6. O-O O-O 7.
Re1 c6 8. a4 h6 9. h3 Re8 10. Be3 Qc7 11. Ba2 Nf8 12. Nh4 Nxe4 13. Nxe4 Bxh4 14. Qh5 Qe7 15. Nxd6 g6 16. Bxf7+ Qxf7 17. Qxh4 Qe7 18. Qxe7 Rxe7 19. Bxh6 Bf5 20. Nxf5 gxf5 21. Bxf8 Kxf8 22. dxe5 Rd8 23. Re2 Rd4 24. b3 a5 25. Rae1 Kf7 26. g3 Ke6 27. f4 Rh7 28. Kg2 Rg7 29. Kf3 Rh7 30. Rh1 b5 31.
Re3 bxa4 32. bxa4 Rxa4 33. Rc3 Rc7 34. Rd1 Ke7 35. g4 fxg4+ 36. hxg4 c5 37. f5 Rb4 38.
Rh1 Kf8 39. e6 a4 40. f6 1-0

[Event "Early-Titled-Tuesday-Blitz-April-23-2024"]
[Site "Chess.com"]
[Date "2024.04.23"]
[Round "6"]
[White "GM_dmitrij"]
[Black "AlphaGoosee"]
[Result "1-0"]
[WhiteElo "2994"]
[BlackElo "2630"]
[TimeControl "180+1"]
[EndTime "9:07:18 PDT"]
[Termination "GM_dmitrij won on time"]

1. c4 e5 2. g3 Nf6 3. Bg2 Bc5 4. Nc3 O-O 5. Nf3 Nc6 6. Nxe5 Nxe5 7. d4 Bd6 8. c5 Be7 9. dxe5 Ng4 10. Qd4 d6 11.
cxd6 cxd6 12. exd6 Bf6 13. Qd1 Be6 14. O-O Qb6 15.
h3 Ne5 16. Nd5 Bxd5 17. Qxd5 Nc6 18. Be3 Qb4 19. Rab1 Rfd8 20. Rfd1 Qa4 21. b4 Rab8 22. b5 Ne5 23. Bf4 Nd7 24. Rbc1 a6 25. bxa6 bxa6 26. Qc4 Qa5 27. Rb1 Ne5 28. Qc7 Rxb1 29. Rxb1 Qxa2 30.
Rc1 Qa3 31. Bxe5 1-0

[Event "Early-Titled-Tuesday-Blitz-April-23-2024"]
[Site "Chess.com"]
[Date "2024.04.23"]
[Round "6"]
[White "Zohid6"]
[Black "Fantastic_Power"]
[Result "1-0"]
[WhiteElo "2956"]
[BlackElo "2747"]
[TimeControl "180+1"]
[EndTime "9:07:20 PDT"]
[Termination "Zohid6 won on time"]

1. e4 c5 2. Nf3 Nf6 3. e5 Nd5 4. Nc3 e6 5. Ne4 f5 6. exf6 Nxf6 7. Bd3 d5 8. Nxf6+ Qxf6 9. O-O Nc6 10. c3 Bd6 11.
Bc2 O-O 12. d4 Bd7 13. Bg5 Qf7 14. Bh4 h6 15. Re1 Rae8 16. Bg3 Bxg3 17. hxg3 Qf6 18. Qd2 cxd4 19. cxd4 Re7 20. Re3 Be8 21. Rae1 Bg6 22. Bxg6 Qxg6 23. b4 a6 24. a4 a5 25. b5 Nb4 26. Rc3 Qf5 27. Ne5 Ree8 28. Rc7 Rc8 29. Rec1 Rxc7 30. Rxc7 Qb1+ 31. Kh2 Qa1 32. Ng4 Qd1 33.
Qxd1 1-0

[Event "Early-Titled-Tuesday-Blitz-April-23-2024"]
[Site "Chess.com"]
[Date "2024.04.23"]
[Round "6"]
[White "LLariMarc"]
[Black "DarZay"]
[Result "1-0"]
[WhiteElo "2487"]
[BlackElo "2308"]
[TimeControl "180+1"]
[EndTime "9:07:22 PDT"]
[Termination "LLariMarc won by resignation"]

1. g3 d5 2. Bg2 e5 3. d3 Nf6 4. Nf3 Bd6 5. Bg5 Be6 6. O-O c5 7. Nbd2 Nc6 8. e4 d4 9. h4 h6 10. Bxf6 Qxf6 11. Nc4 Bc7 12. a4 O-O 13. Kh2 Bg4 14.
Ncd2 h5 15. Bh3 Bxh3 16. Kxh3 Qe6+ 17. Kg2 f5 18. Ng5 Qg6 19. exf5 Rxf5 20. Qe2 Raf8 21. Nge4 b6 22. c3 Rf4 23. Kh2 R4f5 24. Nc4 Rf3 25. Ncd2 R3f5 26. f3 Ne7 27. a5 Nd5 28. axb6 axb6 29.
Rf2 Ne3 30. Nf1 Nd5 31. c4 Nf6 32. Nfd2 Qf7 33. Ng5 Rxg5 34. hxg5 Ng4+ 35. Kg2 Nxf2 36. Kxf2 h4 37. Ne4 hxg3+ 38. Kxg3 Qf4+ 39. Kg2 Bd8 40. Qf2 Bxg5 41. Qg3 Qxg3+ 42. Kxg3 Be3 43. Ra7 Rb8 44. b3 Kf8 45. Kg4 b5 46. Nxc5 Rb6 47. Nd7+ Ke8 48. Nxb6 bxc4 49. bxc4 1-0

[Event "Early-Titled-Tuesday-Blitz-April-23-2024"]
[Site "Chess.com"]
[Date "2024.04.23"]
[Round "6"]
[White "jinbojinbo"]
[Black "vladislavkovalev"]
[Result "0-1"]
[WhiteElo "2649"]
[BlackElo "2863"]
[TimeControl "180+1"]
[EndTime "9:07:25 PDT"]
[Termination "vladislavkovalev won by resignation"]

1. c4 g6 2. Nc3 Bg7 3. d4 d6 4.
e4 e5 5. Be3 Nc6 6. Nge2 exd4 7. Nxd4 Nge7 8. Be2 O-O 9. O-O f5 10. Nxc6 bxc6 11. Bd4 Bxd4 12. Qxd4 c5 13. Qd1 Rb8 14. b3 f4 15. Bg4 Bxg4 16. Qxg4 Nc6 17. f3 Qf6 18.
Nd5 Qf7 19. Rad1 Rbe8 20. Qh4 Kh8 21. Kh1 Re5 22. Qe1 g5 23. Qc3 Qg7 24. g4 fxg3 25. hxg3 Nd4 26. Kg2 g4 27. f4 Rxe4 28. Rde1 Rfe8 29.
Rxe4 Rxe4 30. Qd3 Re2+ 31. Rf2 Re8 32. f5 Qh6 33. Nf4 Re5 34. Qd1 Nxf5 35. Nd5 Qh3+ 0-1

[Event "Early-Titled-Tuesday-Blitz-April-23-2024"]
[Site "Chess.com"]
[Date "2024.04.23"]
[Round "6"]
[White "Aslanov_Umid"]
[Black "NigiriSushies"]
[Result "1-0"]
[WhiteElo "2636"]
[BlackElo "2435"]
[TimeControl "180+1"]
[EndTime "9:07:27 PDT"]
[Termination "Aslanov_Umid won on time"]

1. e4 c5 2. Nf3 d6 3. d4 cxd4 4. Qxd4 Nc6 5. Qe3 Nf6 6. Be2 g6 7. O-O Bg7 8. h3 O-O 9. Rd1 a6 10. c4 Qc7 11. Nc3 Be6 12. Rb1 Rfc8 13. b3 Nd7 14.
Bb2 Nce5 15. Ng5 Nc5 16. f4 Nc6 17. Nxe6 fxe6 18. Bg4 Rf8 19. b4 Nxb4 20. Nb5 axb5 21. Bxg7 Kxg7 22. Rxb4 bxc4 23. Rxc4 Rxa2 24. e5 b5 25.
Rcc1 Qa7 26. exd6 exd6 27. Kh2 b4 28. Rxd6 b3 29. Qxc5 Qxc5 30. Rxc5 Rb8 31. Bxe6 Ra1 32. Rc7+ 1-0

[Event "Early-Titled-Tuesday-Blitz-April-23-2024"]
[Site "Chess.com"]
[Date "2024.04.23"]
[Round "6"]
[White "nekotyanof"]
[Black "SHIVACalypso"]
[Result "1-0"]
[WhiteElo "2666"]
[BlackElo "2456"]
[TimeControl "180+1"]
[EndTime "9:07:30 PDT"]
[Termination "nekotyanof won by resignation"]

1. e4 e6 2. d4 d5 3. Nd2 e5 4. dxe5 dxe4 5. Nxe4 Qxd1+ 6. Kxd1 Nc6 7. Bb5 Bg4+ 8. f3 O-O-O+ 9. Ke1 Bf5 10. Bxc6 bxc6 11.
Ne2 Bxe4 12. fxe4 Ne7 13. Rf1 Ng6 14. Rxf7 Nxe5 15. Rf5 Bb4+ 16. c3 Nd3+ 17. Kf1 Bd6 18. b3 g6 19. Rf3 Rhf8 20. Bg5 Rde8 21. Ng3 Bxg3 22. hxg3 Ne5 23. Rxf8 Rxf8+ 24. Ke2 Ng4 25.
Rf1 Rxf1 26. Kxf1 Kd7 27. Ke2 Ke6 28. Bf4 Ne5 29. Bxe5 Kxe5 30. Ke3 c5 31. g4 g5 32.
g3 a5 33. Kd3 c6 34. a3 h6 35. a4 Ke6 36. Kc4 Kd6 37. b4 cxb4 38. cxb4 axb4 39. a5 c5 40. a6 Kc6 41. e5 Kb6 42. e6 1-0

[Event "Early-Titled-Tuesday-Blitz-April-23-2024"]
[Site "Chess.com"]
[Date "2024.04.23"]
[Round "6"]
[White "NMChessToImpress"]
[Black "EliteChess0967"]
[Result "0-1"]
[WhiteElo "2228"]
[BlackElo "2434"]
[TimeControl "180+1"]
[EndTime "9:07:30 PDT"]
[Termination "EliteChess0967 won by resignation"]

1. e4 e5 2. Nf3 Nc6 3. Bb5 a6 4. Ba4 Nf6 5. O-O Be7 6. d3 b5 7. Bb3 d6 8. a4 Bb7 9. Nc3 b4 10. Nd5 O-O 11. a5 Rb8 12. Bd2 Bc8 13. h3 Be6 14.
Ra4 h6 15. Nxb4 Nxb4 16. Bxe6 Nxd3 17. cxd3 fxe6 18. b4 Qd7 19. Qb3 c5 20. Rc1 Kh7 21. Qa2 cxb4 22. Rxb4 Rxb4 23. Bxb4 Rc8 24. Rxc8 Qxc8 25.
Nxe5 Qc1+ 26. Kh2 Qf4+ 27. g3 Qxe5 28. Qc4 d5 29. Qc7 Qxc7 0-1

[Event "Early-Titled-Tuesday-Blitz-April-23-2024"]
[Site "Chess.com"]
[Date "2024.04.23"]
[Round "6"]
[White "viktorgen2021"]
[Black "KogotBobra17"]
[Result "0-1"]
[WhiteElo "2475"]
[BlackElo "2763"]
[TimeControl "180+1"]
[EndTime "9:07:31 PDT"]
[Termination "KogotBobra17 won by resignation"]

1. d4 Nf6 2. Nf3 d5 3. g3 b5 4.
Bg2 Bb7 5. O-O e6 6. b3 Be7 7. c4 bxc4 8. bxc4 dxc4 9. Qa4+ Nbd7 10. Ne5 Nd5 11. Nc6 Bxc6 12. Qxc6 O-O 13. Qxc4 c5 14.
dxc5 Bf6 15. e4 N5b6 16. cxb6 Nxb6 17. Qe2 Bxa1 18. Rd1 Qc7 19. Ba3 Rfd8 20. Rc1 Qe5 21. Nd2 Rac8 22. Nf3 Rxc1+ 23. Bxc1 Qc3 24. Bg5 Rc8 25.
h4 h6 26. Bf4 Qc2 27. Qa6 Qa4 28. Qb7 Qxa2 29. Be5 Bxe5 30. Nxe5 Qa1+ 0-1

[Event "Early-Titled-Tuesday-Blitz-April-23-2024"]
[Site "Chess.com"]
[Date "2024.04.23"]
[Round "6"]
[White "FischerKasparow"]
[Black "Fjal"]
[Result "0-1"]
[WhiteElo "2116"]
[BlackElo "2338"]
[TimeControl "180+1"]
[EndTime "9:07:33 PDT"]
[Termination "Fjal won on time"]

1. e4 d6 2. d4 g6 3. Nc3 Bg7 4. Be3 c6 5. Qd2 Qa5 6. O-O-O b5 7. Kb1 Be6 8. a3 Nd7 9. f4 Rb8 10. Na2 Bxa2+ 11. Kxa2 b4 12. Bc4 Ngf6 13. Qd3 bxa3 14. bxa3 O-O 15. Bb3 c5 16. h3 Rfc8 17. e5 cxd4 18. Bxd4 dxe5 19. fxe5 Nxe5 20. Bxe5 Qxe5 21.
Nf3 Qa5 22. Rhe1 e6 23. Ne5 Nd5 24. Nc4 Nb4+ 25. Kb1 Rxc4 26. Qxc4 Qxa3 27. c3 Nd5 28. Rxd5 Rxb3+ 29. Kc2 Qb2+ 30. Kd3 Rxc3+ 31. Ke4 Rxc4+ 32.
Kf3 exd5 33. Re8+ Bf8 0-1

[Event "Early-Titled-Tuesday-Blitz-April-23-2024"]
[Site "Chess.com"]
[Date "2024.04.23"]
[Round "6"]
[White "Cipy77"]
[Black "campochess"]
[Result "0-1"]
[WhiteElo "2552"]
[BlackElo "2158"]
[TimeControl "180+1"]
[EndTime "9:07:34 PDT"]
[Termination "campochess won by resignation"]

1. a3 d5 2. c4 e6 3. e3 Nf6 4. b3 c6 5. Bb2 Be7 6. Nf3 Nbd7 7. cxd5 exd5 8. d3 O-O 9. Nbd2 Re8 10. Be2 Nf8 11.
O-O Ng6 12. Re1 Bd6 13. Bf1 Qc7 14. g3 Ne5 15. Nxe5 Bxe5 16. Bxe5 Qxe5 17. d4 Qe7 18.
Bg2 Bf5 19. b4 a5 20. Qb3 axb4 21. axb4 Qd7 22. Nf3 Qd6 23. Ne5 Ne4 24. h3 f6 25.
Nd3 Qd7 26. Nc5 Qc7 27. Rxa8 Rxa8 28. Nxe4 Kh8 29. Nc5 h5 30. Nd3 h4 31. g4 Bg6 32.
Nf4 Bf7 33. b5 Qb6 34. Rb1 g5 35. Nd3 Bg6 36. bxc6 Qxb3 37. Rxb3 bxc6 38. Nc5 Ra1+ 39. Bf1 f5 40. gxf5 Bxf5 41. Kg2 Bxh3+ 42. Kxh3 Rxf1 43.
Rb8+ Kh7 44. Rb7+ Kg6 45. Rc7 Rxf2 46. Rxc6+ Kh5 47. Rh6+ Kxh6 48. Nd3 Re2 49. Ne5 Rxe3+ 50. Kg2 Rxe5 51. dxe5 Kg6 52. Kf3 Kf5 53. Ke3 Kxe5 0-1

[Event "Early-Titled-Tuesday-Blitz-April-23-2024"]
[Site "Chess.com"]
[Date "2024.04.23"]
[Round "6"]
[White "czechbul17"]
[Black "Silvederione"]
[Result "1-0"]
[WhiteElo "2082"]
[BlackElo "2482"]
[TimeControl "180+1"]
[EndTime "9:07:36 PDT"]
[Termination "czechbul17 won by resignation"]

1. d4 Nf6 2. c4 g6 3. Nc3 Bg7 4.
e4 d6 5. f4 O-O 6. Nf3 c5 7.
d5 e6 8. Be2 exd5 9. cxd5 b5 10. e5 dxe5 11. fxe5 Ng4 12. Bg5 Qb6 13. O-O c4+ 14. Kh1 Nxe5 15. d6 Bb7 16. Nxe5 Bxe5 17. Be7 Re8 18. Nd5 Qd4 19. Qxd4 Bxd4 20. Nc7 Nc6 21. Nxa8 Bxa8 22. Rad1 Bxb2 23. Bf3 c3 24. d7 Rxe7 25. Bxc6 Rxd7 26. Bxd7 Be4 27. Bxb5 c2 28.
Rc1 Kf8 29. Ba4 Ke7 30. Bxc2 Bb7 31. Rb1 Ba6 32. Rfe1+ 1-0

[Event "Early-Titled-Tuesday-Blitz-April-23-2024"]
[Site "Chess.com"]
[Date "2024.04.23"]
[Round "6"]
[White "Shahdad2007"]
[Black "Naruna_Chan"]
[Result "1-0"]
[WhiteElo "2602"]
[BlackElo "2368"]
[TimeControl "180+1"]
[EndTime "9:07:36 PDT"]
[Termination "Shahdad2007 won on time"]

1. Nf3 d5 2. c4 e6 3. g3 Nf6 4.
Bg2 Be7 5. O-O O-O 6. d4 c5 7.
cxd5 exd5 8. Nc3 Nc6 9. Bg5 Bg4 10. Bxf6 Bxf6 11. dxc5 Bxc3 12. bxc3 Qd7 13. Rb1 Rad8 14. Nd4 Rfe8 15. Re1 Ne5 16. Qb3 Rb8 17. Qxd5 Qxd5 18.
Bxd5 Rec8 19. Bxb7 Rxc5 20. f4 Nc4 21. Bf3 Rxb1 22. Rxb1 Nd2 23. Rb8+ Rc8 24. Rxc8+ Bxc8 25. Nc6 Be6 26. a4 Bb3 27. a5 Nc4 28. a6 Nd6 29. Nxa7 Bc4 30. Bb7 Kf8 31. Nc8 1-0

[Event "Early-Titled-Tuesday-Blitz-April-23-2024"]
[Site "Chess.com"]
[Date "2024.04.23"]
[Round "6"]
[White "superchess02"]
[Black "lucasran"]
[Result "1-0"]
[WhiteElo "2889"]
[BlackElo "2615"]
[TimeControl "180+1"]
[EndTime "9:07:39 PDT"]
[Termination "superchess02 won on time"]

1. d4 Nf6 2. c4 e6 3. Nc3 Bb4 4. Qc2 b6 5. e4 c5 6. d5 Qe7 7. dxe6 Qxe6 8. Bd3 Nc6 9. Bd2 Nd4 10.
Qb1 Bb7 11. f3 d5 12. cxd5 Nxd5 13. Nxd5 Bxd5 14. Bxb4 cxb4 15. Ne2 Nxe2 16. exd5 Qe5 17. Bb5+ Kd8 18. Bxe2 Re8 19. Qd3 Qxb2 20. Kf2 Rc8 21.
Rhb1 Qe5 22. Rc1 Rc3 23. Rxc3 bxc3 24. Rc1 Qxh2 25. Qc4 Qe5 26. Rxc3 f6 27. d6 Qxd6 28. Rd3 1-0

[Event "Early-Titled-Tuesday-Blitz-April-23-2024"]
[Site "Chess.com"]
[Date "2024.04.23"]
[Round "6"]
[White "Raskolnikov6"]
[Black "jaskol95"]
[Result "0-1"]
[WhiteElo "2388"]
[BlackElo "2552"]
[TimeControl "180+1"]
[EndTime "9:07:39 PDT"]
[Termination "jaskol95 won on time"]

1. d4 d5 2. c4 c6 3. Nc3 Nf6 4.
e3 a6 5. Nf3 Bg4 6. h3 Bxf3 7.
Qxf3 e6 8. cxd5 exd5 9. Bd3 Nbd7 10. O-O Bd6 11. Re1 O-O 12. Rb1 Re8 13. a3 Qe7 14. Bd2 Ne4 15. Bxe4 dxe4 16. Qe2 f5 17. g3 Nf6 18. Qc4+ Qf7 19. Qxf7+ Kxf7 20. Ne2 Nd5 21.
Rbc1 g5 22. Nc3 Rac8 23. Nxd5 cxd5 24. Bb4 Bxb4 25. axb4 Ke6 26. Kf1 Rc4 27. Rxc4 dxc4 28. Ra1 Ra8 29. b5 a5 30. b6 Kd5 31. h4 gxh4 32.
gxh4 a4 33. Ke2 Ra6 34. Kd2 Rxb6 35. Kc2 Rb4 36. Rg1 Rb3 37. Rg7 b5 38. Rxh7 a3 39.
bxa3 Rxa3 40. Rd7+ Ke6 41. Rb7 Ra2+ 42. Kc3 Rxf2 43.
Rxb5 Re2 44. Kxc4 Rxe3 45. Rb6+ Kf7 46. Kd5 f4 47. Ke5 f3 48. Rf6+ Kg7 49. d5 Re2 50. Rf4 f2 51. d6 e3 52. d7 Rd2 53. Ke4 e2 54. Ke3 e1=Q+ 0-1

[Event "Early-Titled-Tuesday-Blitz-April-23-2024"]
[Site "Chess.com"]
[Date "2024.04.23"]
[Round "6"]
[White "McCarthyStone"]
[Black "AlexanderKing"]
[Result "0-1"]
[WhiteElo "2402"]
[BlackElo "2577"]
[TimeControl "180+1"]
[EndTime "9:07:40 PDT"]
[Termination "AlexanderKing won by resignation"]

1. Nf3 d5 2. c4 e6 3. e3 Nf6 4. b3 c5 5. Bb2 Nc6 6. cxd5 exd5 7. d4 cxd4 8. Nxd4 Bb4+ 9. Nc3 Qa5 10. Qc2 Nxd4 11.
exd4 O-O 12. Bd3 Re8+ 13. Kf1 Bd7 14. a3 Bd6 15. b4 Qb6 16. Na4 Bxa4 17. Qxa4 Ne4 18.
Rd1 Bf4 19. Qb5 Qe6 20. Bxe4 Qxe4 21. Qd3 Qxd3+ 22. Rxd3 Rac8 23. Bc3 Rxc3 24. Rxc3 Bd2 25. Re3 Bxe3 26. fxe3 Rxe3 27. Kf2 Rxa3 28. Rc1 g6 29. Rc8+ Kg7 30. Rd8 Rb3 31. Rxd5 Rxb4 32. Rd7 a5 33. d5 a4 34. d6 a3 35. Rd8 Ra4 36. d7 a2 37. Rg8+ Kxg8 38. d8=Q+ Kg7 39. Qd4+ Rxd4 0-1